Map: Eternal Empire LE

Players

ILoveSanchez - Winner!

  • Race: Protoss Protoss
  • League: Silver
  • Spawn Location: 7:00

Throwfordays

  • Race: Protoss Protoss
  • League: Silver
  • Spawn Location: 1:00

VOD

Have the link to the VOD?

Description

Time

  • Played on: July 18, 2020, 2:36 a.m.
  • Length: 4:51
Show
View Real Time Build Order
Export as new Build Order

ILoveSanchez Protoss - Winner!

Build Orders: Double Forge 

Get SALT Encoding   

  12  0:02  Probe  
  13  0:15  Pylon  
  13  0:24  Probe  
  14  0:30  Assimilator  
  14  0:45  Forge  
  14  0:48  Probe  
  15  1:07  Pylon  
  15  1:22  Pylon  
  15  1:25  Probe  
  16  1:37  Probe  
  17  1:41  Gateway  
  17  1:49  Probe  
  17  1:52  Photon Cannon  
  18  2:01  Probe  
  18  2:04  Photon Cannon  
  18  2:13  Probe  
  19  2:18  Photon Cannon  
  19  2:21  Probe  
  19  2:29  Probe  
  21  2:37  Photon Cannon  
  21  2:42  Photon Cannon  
  21  2:48  Pylon  
  21  2:55  Pylon  
  21  2:57  Probe  
  21  3:10  Pylon  
  21  3:18  Pylon  
  21  3:22  Forge  
  21  3:30  Pylon  
  21  3:47  Pylon  
  21  4:00  Photon Cannon  
  21  4:03  Photon Cannon  
  21  4:09  Pylon  
  21  4:16  Gateway  
  21  4:26  Photon Cannon  
  21  4:33  Photon Cannon  
  21  4:44  Photon Cannon  
Show
View Real Time Build Order
Export as new Build Order

Throwfordays Protoss 

Build Orders: Cannon Rush 

Get SALT Encoding   

  12  0:08  Pylon  
  12  0:25  Probe  
  12  0:26  Forge  
  12  0:34  Probe  
  14  0:44  Pylon  
  14  0:51  Probe  
  15  1:03  Photon Cannon  
  15  1:12  Photon Cannon  
  15  1:21  Pylon  
  15  1:39  Photon Cannon  
  15  1:44  Pylon  
  15  2:03  Photon Cannon  
  15  2:08  Photon Cannon  
  15  2:24  Photon Cannon  
  15  2:42  Photon Cannon  
  15  3:04  Photon Cannon  
  15  3:08  Probe  
  16  3:23  Photon Cannon  
  16  3:26  Photon Cannon  
  16  3:37  Gateway, Probe  
  17  3:48  Gateway  
  17  3:59  Assimilator  
  17  4:03  Assimilator  
  16  4:23  Photon Cannon  
  16  4:28  Probe  
  16  4:36  Probe  
Tags
 
Add a new tag
Caveats
  • Supply blocks, unpowered buildings, or Contaminate may cause inaccurate times.
  • Supply counts are checked every 10 seconds.